 Dungeon Crawl Stone Soup version 0.31.0-11-ge490571c62 (webtiles) character file.

Game seed: 210570383623578437

5227 LobsterGuardian the Toxicologist (level 10, -2/67 HPs)
             Began as a Grey Draconian Alchemist on Feb 1, 2024.
             Was a Follower of Sif Muna.
             Slain by an unseen horror zombie (6 damage)
             ... on level 9 of the Dungeon.
             The game lasted 00:45:50 (11576 turns).

LobsterGuardian the Toxicologist (DrAl)            Turns: 11576, Time: 00:45:51

Health: -2/67      AC: 16    Str: 10 (12) XL:     10   Next: 35%
Magic:  1/19       EV: 13    Int: 16 (19) God:    Sif Muna [*.....]
Gold:   561        SH:  0    Dex:  9 (11) Spells: 8/22 levels left

rFire   x . .        q - +0 quarterstaff
rCold   . . .        (shield currently unavailable)
rNeg    . . .        (body armour unavailable)
rPois   .            (helmet restricted)
rElec   .            (no cloak)
rCorr   .            (no gloves)
SInv    +            (no boots)
Will    .....        (no amulet)
Stlth   ++           l - ring of Urozo {Fly SInv}
HPRegen 0.31/turn    m - +4 ring of protection
MPRegen 0.16/turn

%: no passive effects
@: flying, very slightly contaminated, hasted, very quick
A: AC +12, amphibious, unfitting armour, cold-blooded, frail 1, heat
vulnerability 1
a: Renounce Religion, Channel Magic


You were on level 9 of the Dungeon.
You worshipped Sif Muna.
Sif Muna was aware of your devotion.
You visited 2 branches of the dungeon, and saw 10 of its levels.
You also visited: Sewer.

You collected 561 gold pieces.

Inventory:

Hand Weapons
 k - a +0 dagger
 n - a +2 dagger of flaming
 q - a +0 quarterstaff (weapon)
Missiles
 b - a throwing net
Jewellery
 l - the ring of Urozo (left hand) {Fly SInv}
   (You found it on level 3 of the Dungeon)

   [ring of see invisible]

   SInv:      It lets you see invisible.
   Fly:       It grants you flight.
 m - a +4 ring of protection (right hand)
Wands
 f - a wand of iceblast (25)
 p - a wand of quicksilver (8)
 r - a wand of flame (25)
 s - a wand of polymorph (14)
Scrolls
 d - 4 scrolls of poison
 i - 3 scrolls of immolation
 j - 3 scrolls of vulnerability
 t - 2 scrolls of fog
 u - a scroll of revelation
Potions
 c - a potion of resistance
 g - a potion of degeneration
 h - 5 potions of enlightenment
 o - a potion of haste


   Skills:
 + Level 2.9 Fighting
 * Level 3.3 Staves
 * Level 6.2 Dodging
 - Level 2.0 Stealth
 + Level 6.6 Spellcasting
 + Level 4.8 Conjurations
 + Level 1.9 Fire Magic
 + Level 1.4 Air Magic
 * Level 9.6 Alchemy
 - Level 3.0 Invocations


You had 8 spell levels left.
You knew the following spells:

 Your Spells              Type           Power      Damage    Failure   Level
a - Sting                 Conj/Alch      100%       1d9       1%          1
b - Mercury Vapours       Alch/Air       44%        N/A       1%          2
c - Mephitic Cloud        Conj/Alch/Air  22%        N/A       4%          3
d - Olgreb's Toxic Radia  Alch           36%        N/A       2%          4
e - Sticky Flame          Fire/Alch      23%        2d6       12%         4

Your spell library contained the following spells:

 Spells                   Type           Power      Damage    Failure   Level


Dungeon Overview and Level Annotations

Branches:
Dungeon (9/15)             Temple (1/1) D:7             Orc (0/2) D:9
  Sewer (visited)
   Lair: D:8-11

Altars:
Ashenzari
Cheibriados
Dithmenos
Elyvilon
Fedhas
Gozag
Hepliaklqana
Kikubaaqudgha
Makhleb
Nemelex Xobeh
Okawaru
Qazlal
Ru
Sif Muna
Uskayaw
Vehumet
Wu Jian
Xom
Yredelemnul
Zin
The Shining One

Shops:
D:4 (   D:7 *

Annotations:
D:7 1 runed translucent door, ces's ghost, novice MiFi


Innate Abilities, Weirdness & Mutations

Your dull iron-grey scales are very hard. (AC +12)
You are amphibious.
You cannot fit into any form of body armour.
You are cold-blooded and may be slowed by cold attacks.
You are frail. (-10% HP)
You are vulnerable to heat. (rF-)


Message History

Casting: Sticky Flame (dangerous; 10% risk of failure)
Confirm with . or Enter, or press ? or * to list all spells.
Aiming: Sticky Flame (dangerous; 10% risk of failure)
Press: ? - help, Shift-Dir - straight line, f - unseen horror zombie, p - unseen horror zombie
Aim: an unseen horror zombie (severely damaged)
The sticky flame hits the unseen horror zombie!
The unseen horror zombie is severely damaged.
The unseen horror zombie burns! x2
The unseen horror zombie hits you but does no damage. x2
The unseen horror zombie barely misses you.
The unseen horror zombie hits you but does no damage.
Unknown command.
Unknown command.
The unseen horror zombie shakes off the sticky flame as it moves.
The unseen horror zombie attacks as it pursues you!
The unseen horror zombie hits you.
* * * LOW HITPOINT WARNING * * *
The unseen horror zombie shakes off the sticky flame as it moves.
The unseen horror zombie hits you but does no damage.
The unseen horror zombie attacks as it pursues you!
The unseen horror zombie hits you.
* * * LOW HITPOINT WARNING * * *
A wight comes into view. It is wielding a +0 scimitar.
The unseen horror zombie hits you but does no damage.
The unseen horror zombie closely misses you.
Unknown command.
It was a potion of degeneration.
There was something very wrong with that liquid.
You feel weakened.
You feel dopey.
You feel clumsy. The unseen horror zombie hits you.
* * * LOW HITPOINT WARNING * * *
The unseen horror zombie misses you.
The unseen horror zombie hits you but does no damage. x3
Unknown command.
Unknown command.
As you read the scroll labelled ORAAXO DAGONN, it crumbles to dust.
It is a scroll of amnesia.
Okay, then.
The unseen horror zombie hits you.
You die...

..........................
..........................
.†.†).)...................
))).............Z.........
.#....)........z.####.....
##.†......##..#.## .....
#............z##### ....
##...#....##...Z#.#.#.z...
###..#....##..ZZ@........#
...###.>......Z....#...
.... #............##
.......#.....#
..[..####....## ..##..
....... ## #..#....
...#....


You could see 2 wights, a centaur zombie and 3 unseen horror zombies.

Vanquished Creatures
  Joseph (D:7)
  An unseen horror zombie (D:9)
  A troll (D:7)
  A shadow (D:9)
  2 steam dragons (D:7)
  2 orc warriors
  4 ice beasts
  An ogre (D:6)
  4 centaurs
  3 phantoms
  4 kobold brigands
  3 bullfrogs
  3 scorpions
  4 wights
  13 killer bees (D:9)
  5 howler monkeys
  A hound (D:5)
  3 centaur zombies (D:9)
  8 orc priests
  A gnoll bouda (D:7)
  4 jellies
  A sleepcap (D:7)
  4 iguanas
  6 orc wizards
  A mummy (D:6)
  A howler monkey zombie (D:9)
  9 adders
  9 gnolls
  2 river rats (Sewer)
  5 shadow imps
  A white imp (D:5)
  4 dart slugs (D:1)
  4 ribbon worms
  29 orcs
  3 ball pythons
  A bat (D:3)
  9 endoplasms
  8 giant cockroaches
  6 goblins
  7 hobgoblins
  2 jackals (D:2)
  26 kobolds
  5 quokkas
  3 frilled lizards
  8 rats
223 creatures vanquished.

Vanquished Creatures (others)
  A white imp (D:7)
  An orc (D:5)
2 creatures vanquished.

Grand Total: 225 creatures vanquished

Notes
Turn   | Place    | Note
-------+----------+-------------------------------------------
     0 | D:1      | LobsterGuardian the Draconian Alchemist began the quest for
                  | the Orb.
     0 | D:1      | Reached XP level 1. HP: 14/14 MP: 3/3
    94 | D:1      | Found a faded altar of an unknown god.
   311 | D:1      | Reached XP level 2. HP: 20/20 MP: 0/5
   711 | D:1      | Learned a level 2 spell: Mercury Vapours
  1238 | D:1      | Reached XP level 3. HP: 18/26 MP: 2/6
  1242 | D:1      | Learned a level 3 spell: Mephitic Cloud
  1633 | D:2      | Reached XP level 4. HP: 33/33 MP: 0/7
  2044 | D:2      | Reached skill level 4 in Alchemy
  2205 | D:2      | Found a sparkling altar of Nemelex Xobeh.
  2658 | D:3      | Found a glowing drain.
  2719 | Sewer    | Entered a sewer
  2873 | Sewer    | Noticed a kobold brigand
  2892 | Sewer    | Killed a kobold brigand
  2893 | Sewer    | Reached XP level 5. HP: 37/38 MP: 0/9
  2983 | Sewer    | Found a white marble altar of Elyvilon.
  3234 | D:3      | Found a glowing silver altar of Zin.
  3235 | D:3      | Noticed an angel
  3455 | D:3      | Found a shimmering altar of Xom.
  3790 | D:3      | Identified the ring of Urozo {Fly SInv}
  3869 | D:4      | Learned a level 4 spell: Olgreb's Toxic Radiance
  3986 | D:4      | Found Jushreu's Weapon Shop.
  3986 | D:4      | Noticed a phantom
  4031 | D:5      | Entered Level 5 of the Dungeon
  4128 | D:5      | Reached XP level 6. HP: 44/45 MP: 2/10
  4299 | D:5      | Found an ornate altar of the Wu Jian Council.
  4497 | D:5      | Reached skill level 5 in Alchemy
  4888 | D:6      | Reached skill level 1 in Air Magic
  4973 | D:6      | Your scales start taking on a dull iron-grey colour.
  4973 | D:6      | Reached XP level 7. HP: 29/51 MP: 1/12
  5143 | D:6      | Reached skill level 1 in Fighting
  5169 | D:6      | Identified the +1 war axe of Causality {drain, ^Fragile
                  | Str+4 Int+5}
  5565 | D:6      | Reached skill level 1 in Air Magic
  5565 | D:6      | Reached skill level 6 in Alchemy
  5838 | D:7      | Noticed a steam dragon
  6092 | D:5      | Reached XP level 8. HP: 59/59 MP: 8/14
  7442 | D:4      | Found a broken altar of Ashenzari.
  7502 | D:4      | Found a snail-covered altar of Cheibriados.
  7516 | D:4      | Reached skill level 5 in Dodging
  7794 | D:4      | Reached skill level 7 in Alchemy
  7960 | D:4      | Learned a level 4 spell: Sticky Flame
  8211 | D:7      | Reached skill level 5 in Spellcasting
  8587 | D:7      | Found a staircase to the Ecumenical Temple.
  8605 | Temple   | Entered the Ecumenical Temple
  8657 | Temple   | Became a worshipper of Sif Muna the Loreminder
  8685 | D:7      | Noticed Joseph
  8688 | D:7      | Found Bional's Bounteous Boutique.
  8699 | D:7      | Killed Joseph
  8700 | D:7      | Reached skill level 1 in Invocations
  8700 | D:7      | Reached XP level 9. HP: 48/67 MP: 1/17
  8791 | D:7      | Noticed a troll
  8848 | D:7      | Reached skill level 8 in Alchemy
  9090 | D:7      | Reached skill level 1 in Staves
  9097 | D:7      | Reached * piety under Sif Muna
  9493 | D:7      | Found a radiant altar of Vehumet.
  9505 | D:7      | Killed a troll
  9617 | D:7      | Found a runed translucent door.
  9620 | D:7      | Noticed ces's ghost (novice MiFi)
 10128 | D:7      | Gained mutation: You are frail. (-10% HP) [potion of
                  | mutation]
 10128 | D:7      | Gained mutation: You are vulnerable to heat. (rF-) [potion
                  | of mutation]
 10973 | D:9      | Reached skill level 9 in Alchemy
 10980 | D:8      | Reached skill level 1 in Fire Magic
 11082 | D:8      | Reached XP level 10. HP: 61/66 MP: 11/19
 11407 | D:9      | Found a staircase to the Orcish Mines.
 11418 | D:9      | Reached ** piety under Sif Muna
 11576 | D:9      | Slain by an unseen horror zombie

Illustrated notes

Levels and vault maps discovered:
D:1:      lemuel_arrival_behind_the_door_small, layout_basic,
          chequers_ecumenical_altar_simple_redux, minmay_misc_feat_hallway,
          palyth_stone_intersect, chequers_serial_rivers_room_a, minivault_19
D:2:      layout_basic, basic_altar
D:3:      layout_loops_ring, lemuel_round_altar, zin_angel, gup_sewer_entry_pipe
D:4:      layout_gridville, kennysheep_mini, mainiacjoe_overflow_boulevard,
          nicolae_stop_n_shop_1
D:5:      layout_cave_pods, mainiacjoe_overflow_catwalk, minmay_misc_feat_doors,
          kennysheep_generic_room_9
D:6:      layout_rooms, gup_ossuary_entry_pyramid,
          chequers_serial_rivers_large_a
D:7:      layout_basic, nicolae_vehumet_altar_sigil,
          minmay_temple_entry_gardened_gates, ebering_ghost_reflecting_pool,
          small_statue_intersection, nicolae_alphabet_shops, minmay_between,
          uniq_joseph
D:8:      layout_rooms, moated_statue
D:9:      layout_cave_pools, orc_0_dummy, serial_undead, serial_undead_b,
          serial_undead_d, serial_undead_a, serial_undead_e, serial_undead_a,
          serial_undead_a, serial_shops, shop
Temple:   eino_wide_crystal_templ

Skill      XL: |  1  2  3  4  5  6  7  8  9 10 |
---------------+-------------------------------+-----
Dodging        | 2 3 4 5 6 |  6.2
Stealth        | 2 |  2.0
Alchemy        | 4 5 6 7 9 |  9.6
Spellcasting   | 3 4 5 6 |  6.6
Conjurations   | 2 3 4 |  4.8
Air Magic      | 0 1 |  1.4
Fighting       | 1 2 |  2.9
Invocations    | 1 2 3 |  3.0
Staves         | 2 3 |  3.3
Fire Magic     | 1 |  1.9

Action                     |  1- 3 |  4- 6 |  7- 9 | 10-12 || total
---------------------------+-------+-------+-------+-------++-------
  Melee: Unarmed           |    33 |    72 |       |       ||   105
         Tailslap          |     1 |    26 |    20 |     7 ||    54
         Dagger            |       |    72 |   115 |       ||   187
         Punch             |       |       |     2 |       ||     2
         Quarterstaff      |       |       |    41 |    34 ||    75
   Cast: Sting             |    52 |   145 |   260 |     7 ||   464
         Mercury Vapours   |     4 |    28 |    17 |     1 ||    50
         Mephitic Cloud    |       |     3 |     6 |     1 ||    10
         Olgreb's Toxic Ra |       |       |    12 |     4 ||    16
         Sticky Flame      |       |       |    14 |    13 ||    27
 Invoke: Channel Magic     |       |       |       |     2 ||     2
  Evoke: Wand              |       |       |       |     1 ||     1
    Use: Scroll            |     2 |     6 |     4 |     1 ||    13
         Potion            |       |     1 |    12 |     3 ||    16
   Stab: Sleeping          |     1 |     4 |     1 |       ||     6
         Confused          |       |     1 |     4 |       ||     5
         Invisible         |       |       |     1 |       ||     1
 Armour: Skin              |    29 |   134 |   244 |   101 ||   508
  Dodge: Dodged            |    33 |   142 |   226 |    82 ||   483
